[Event "December 19 Late 2023"]
[Site "https://www.chess.com"]
[Date "2023.12.19"]
[Round "3"]
[White "Gurevich, Dmitry"]
[Black "Derakhshani, Borna"]
[Result "0-1"]
[Board "91"]
[TimeControl "180+1"]
[WhiteFideId "2000407"]
[BlackFideId "12518450"]
[WhiteElo "2506"]
[BlackElo "2286"]
[WhiteTeam "USA"]
[BlackTeam "ENG"]
[WhiteClock "0:00:00"]
[BlackClock "0:00:45"]

1. d4 d5 2. c4 c6 3. e3 Nf6 4. Nc3 Bf5 5. cxd5 cxd5 6. Qb3 Qd7 7. Nf3 Nc6 8. Ne5 Qc7 9. Nxd5 Nxd5 10. Qxd5 e6 11. Qb3 Bb4+ 12. Bd2 Bxd2+ 13. Kxd2 Nxe5 14. dxe5 O-O 15. Qc3 Rfd8+ 16. Ke1 Qb6 17. Rc1 Be4 18. Bc4 Bxg2 19. Rg1 Be4 20. Rg4 Bg6 21. h4 Rd7 22. Kf1 Rad8 23. Kg2 h5 24. Rf4 Qc6+ 25. Kh2 Rd2 26. Bf1 Qxc3 27. Rxc3 Rxb2 28. a3 Rd5 29. Kg3 Rxe5 30. Rc8+ Kh7 31. Rd4 Rd5 32. Rdc4 Bd3 33. Bxd3+ Rxd3 34. R4c7 Kg6 35. Rf8 f6 36. Rff7 Kf5 37. Rxg7 e5 0-1

[Event "December 19 Late 2023"]
[Site "https://www.chess.com"]
[Date "2023.12.19"]
[Round "3"]
[White "Assylov, Miras"]
[Black "Storn, Justin"]
[Result "0-1"]
[Board "92"]
[TimeControl "180+1"]
[WhiteFideId "13728873"]
[BlackFideId "30922720"]
[WhiteElo "1991"]
[BlackElo "2404"]
[WhiteTeam "KAZ"]
[BlackTeam "USA"]
[WhiteClock "0:00:00"]
[BlackClock "0:00:22"]

1. b3 c5 2. Bb2 Nc6 3. Nf3 d6 4. d4 cxd4 5. Nxd4 Nf6 6. c4 g6 7. g3 Bg7 8. Nxc6 bxc6 9. Bg2 Qb6 10. O-O O-O 11. Nd2 d5 12. Rc1 Rd8 13. e3 Bg4 14. Qe1 Rac8 15. Nf3 Ne4 16. Bxg7 Kxg7 17. h3 Be6 18. Nd4 Bd7 19. Bxe4 dxe4 20. Qc3 e5 21. Nc2 Bxh3 22. Qxe5+ Kg8 23. Rfd1 Bg4 24. Rxd8+ Qxd8 25. Qd4 Qe7 26. Ne1 Rd8 27. Qc3 h5 0-1

[Event "December 19 Late 2023"]
[Site "https://www.chess.com"]
[Date "2023.12.19"]
[Round "3"]
[White "Cobysters"]
[Black "Bogaudinov, Rushan"]
[Result "1-0"]
[Board "93"]
[TimeControl "180+1"]
[BlackFideId "4129288"]
[WhiteElo "2583"]
[BlackElo "1937"]
[BlackTeam "RUS"]
[WhiteClock "0:02:26"]
[BlackClock "0:00:10"]

1. c4 e5 2. Nc3 Nc6 3. g3 g6 4. Bg2 Bg7 5. e3 Nf6 6. Nge2 O-O 7. O-O d6 8. a3 a5 9. d4 exd4 10. Nxd4 Nxd4 11. exd4 Bg4 12. Qd3 Bf5 13. Qd1 c6 14. Bf4 Re8 15. Qb3 Qd7 16. Rad1 Ne4 17. Nxe4 Bxe4 18. f3 Bf5 19. g4 Be6 20. d5 cxd5 21. cxd5 Bxg4 22. fxg4 Qxg4 23. Bxd6 Bd4+ 24. Kh1 Re2 25. Qf3 Rxg2 26. Qxg2 Qh4 27. Bg3 Qg4 28. h3 1-0

[Event "December 19 Late 2023"]
[Site "https://www.chess.com"]
[Date "2023.12.19"]
[Round "3"]
[White "Dwilewicz, Katarzyna"]
[Black "Titus, Andrew"]
[Result "0-1"]
[Board "94"]
[TimeControl "180+1"]
[WhiteFideId "1148486"]
[BlackFideId "2059770"]
[WhiteElo "2098"]
[BlackElo "2061"]
[WhiteTeam "POL"]
[BlackTeam "USA"]
[WhiteClock "0:00:01"]
[BlackClock "0:00:55"]

1. e4 c5 2. c3 g6 3. d4 cxd4 4. cxd4 d5 5. e5 Bg7 6. Nc3 Nh6 7. h3 O-O 8. Nf3 Nc6 9. Bb5 f6 10. exf6 exf6 11. O-O Be6 12. Re1 Bf7 13. Bf4 Nf5 14. Rc1 Rc8 15. Qd2 a6 16. Ba4 Nd6 17. Bxc6 Rxc6 18. b3 Qd7 19. Na4 Ne4 20. Qd3 Rfc8 21. Rxc6 Rxc6 22. Nd2 Qf5 23. Nxe4 dxe4 24. Qxe4 Re6 25. Qb1 Qxf4 26. Rc1 Qxd4 27. Rc8+ Re8 28. Rc7 b5 29. Nc3 Qe5 30. Qd3 Qxc7 0-1

[Event "December 19 Late 2023"]
[Site "https://www.chess.com"]
[Date "2023.12.19"]
[Round "3"]
[White "Azar, Sebastien"]
[Black "Estrada Nieto, Julian"]
[Result "0-1"]
[Board "95"]
[TimeControl "180+1"]
[WhiteFideId "2640198"]
[BlackFideId "5101018"]
[WhiteElo "2399"]
[BlackElo "2161"]
[WhiteTeam "CAN"]
[BlackTeam "ESP"]
[WhiteClock "0:00:05"]
[BlackClock "0:00:27"]

1. e4 e5 2. Nf3 Nc6 3. Bb5 a6 4. Ba4 Nf6 5. d3 d6 6. O-O g6 7. c3 Bg7 8. h3 O-O 9. Bc2 h6 10. a4 Re8 11. Be3 d5 12. Qd2 Kh7 13. Rd1 Be6 14. Na3 Qd7 15. b4 Nh5 16. exd5 Bxd5 17. Nh2 Nf4 18. f3 h5 19. b5 axb5 20. axb5 Ne7 21. Bxf4 exf4 22. d4 Bh6 23. c4 Be6 24. d5 Bf5 25. Bxf5 Nxf5 26. Nc2 Ne3 27. Re1 Qd6 28. Nf1 Nxc4 29. Rxa8 Nxd2 30. Raxe8 Qc5+ 31. Kh1 Nxf1 32. Rxf1 Qxc2 33. Rfe1 Bg5 34. R8e2 Qf5 35. Re5 Qf6 36. R5e4 Bh4 37. Rd1 Qd6 38. Rc1 Be7 39. Rec4 Bd8 40. Re4 Qxd5 41. Rec4 g5 42. Re4 Kg6 43. Rec4 Qxb5 44. R4c2 c6 45. Rc4 Bf6 46. Rc5 Qb2 47. R5c2 Qe5 48. Rd2 c5 49. Rdc2 b6 50. Kg1 Qe3+ 51. Kh2 Bd4 52. Rb1 Qd3 53. Rcc1 b5 54. Rd1 Qf5 55. Rdc1 b4 56. Rd1 Qd5 57. Re1 b3 58. Re4 c4 59. Rd1 b2 60. Rdxd4 Qxd4 61. Rxd4 b1=Q 62. Rxc4 Qf5 63. Rc6+ f6 64. Rc7 Qe5 65. Rc8 Qe2 66. Rg8+ Kf7 67. Rc8 g4 68. hxg4 hxg4 69. Rc7+ Kg6 70. fxg4 f3 71. Kh3 Qxg2+ 72. Kh4 f2 73. Rc1 f1=Q 74. Rxf1 Qxf1 75. Kg3 Qg1+ 76. Kh3 f5 77. gxf5+ Kxf5 78. Kh4 Kf4 79. Kh5 Qg5# 0-1

[Event "December 19 Late 2023"]
[Site "https://www.chess.com"]
[Date "2023.12.19"]
[Round "3"]
[White "Carrasco Miranda, Andres"]
[Black "Keleberda, Tymur"]
[Result "1/2-1/2"]
[Board "97"]
[TimeControl "180+1"]
[WhiteFideId "3405990"]
[BlackFideId "14174294"]
[WhiteElo "2183"]
[BlackElo "2198"]
[WhiteTeam "CHI"]
[BlackTeam "CAN"]
[WhiteClock "0:00:21"]
[BlackClock "0:00:08"]

1. d4 Nf6 2. c4 e6 3. g3 c5 4. d5 b5 5. dxe6 fxe6 6. Bg2 d5 7. cxd5 exd5 8. Nh3 Bb7 9. O-O Nc6 10. Nf4 d4 11. a4 a6 12. axb5 axb5 13. Rxa8 Bxa8 14. Qb3 Nb4 15. Ne6 Qc8 16. Bxa8 c4 17. Qd1 Qxe6 18. Qxd4 Be7 19. Nc3 O-O 20. Bf3 Qa6 21. Qe5 Bd6 22. Qxb5 Rb8 23. Qxa6 Nxa6 24. Rd1 Be5 25. g4 h6 26. h4 Nc5 27. g5 hxg5 28. hxg5 Bxc3 29. bxc3 Nfe4 30. Bf4 Rf8 31. Bd6 Nxd6 32. Rxd6 Na4 33. Bd5+ Kh7 34. Bxc4 Nxc3 35. Bd3+ Kg8 36. Kg2 Na4 37. Kg3 Nc5 38. f4 Re8 39. Bc4+ Kf8 40. Bd3 Nxd3 41. exd3 Ke7 42. Ra6 Rd8 43. Ra7+ Kf8 44. Kg4 Rxd3 45. Kf5 Rd4 46. Rb7 Rd6 47. Ra7 g6+ 48. Kg4 Rd4 49. Ra6 Kf7 50. Rf6+ Kg7 51. Kf3 Rd1 52. Ra6 Rf1+ 53. Ke4 Re1+ 54. Kd5 Re7 55. Re6 Rf7 56. Ke5 Ra7 57. Rd6 Ra5+ 58. Rd5 Ra7 59. Ke6 Ra6+ 60. Rd6 Ra4 61. Rd7+ Kg8 62. Kf6 Rxf4+ 63. Kxg6 Rf8 64. Rg7+ Kh8 65. Rh7+ Kg8 66. Kh6 Rf1 67. Ra7 Rf8 68. Kg6 Rb8 69. Kh6 Rc8 70. g6 Rb8 71. Rg7+ Kh8 72. Rh7+ Kg8 73. Rf7 Kh8 74. Rf5 Kg8 75. Re5 Rc8 76. Rf5 Rb8 77. Rf7 Rb1 78. Rg7+ Kh8 79. Ra7 Rh1+ 80. Kg5 Rg1+ 81. Kh6 Rh1+ 82. Kg5 Rg1+ 83. Kh6 Rh1+ 1/2-1/2

[Event "December 19 Late 2023"]
[Site "https://www.chess.com"]
[Date "2023.12.19"]
[Round "3"]
[White "Spata, German"]
[Black "Laskakis, Konstantinos"]
[Result "1-0"]
[Board "98"]
[TimeControl "180+1"]
[WhiteFideId "113026"]
[BlackFideId "42134374"]
[WhiteElo "2260"]
[BlackElo "2393"]
[WhiteTeam "ARG"]
[BlackTeam "GRE"]
[WhiteClock "0:00:06"]
[BlackClock "0:00:00"]

1. Nf3 Nf6 2. d4 d5 3. Bf4 c5 4. c3 Nc6 5. e3 Nh5 6. Bg3 Nxg3 7. hxg3 e6 8. Bd3 h6 9. Nbd2 Be7 10. Qe2 b6 11. Bb5 Bd7 12. O-O O-O 13. Rfe1 a6 14. Bxa6 Na5 15. Bd3 b5 16. a3 b4 17. axb4 cxb4 18. Bb5 bxc3 19. bxc3 Qc7 20. Bxd7 Qxd7 21. Ne5 Qc7 22. c4 dxc4 23. Ndxc4 Nxc4 24. Qxc4 Qxc4 25. Nxc4 Rxa1 26. Rxa1 Rc8 27. Ne5 Bf6 28. Nf3 g5 29. g4 Kg7 30. Kf1 Kg6 31. Rd1 Rc2 32. Rd2 Rc1+ 33. Ke2 h5 34. gxh5+ Kxh5 35. g3 Kg6 36. Ne1 Ra1 37. Nd3 Ra3 38. Rc2 Ra1 39. Nc5 Ra3 40. Ne4 Ra6 41. g4 Ra4 42. Kf3 Ra5 43. Rc8 Bg7 44. Rc6 Rb5 45. Nd6 Ra5 46. Rc7 f6 47. Re7 Bf8 48. Rd7 Rd5 49. Rd8 Bxd6 50. Re8 Kf7 51. Rc8 Ra5 52. Rc6 Rd5 53. Ke4 Ke7 54. Rb6 Ra5 55. Rb7+ Kf8 56. Rb6 Ke7 57. Rb7+ Ke8 58. Rh7 Be7 59. Rh8+ Kd7 60. Rh7 Ra2 61. Kf3 Rb2 62. Rf7 Ra2 63. Rg7 Rc2 64. Rh7 Rb2 65. Rh1 Rd2 66. Rb1 Rc2 67. Ra1 Rb2 68. Ra7+ Kd6 69. Ra6+ Kd7 70. Kg3 Ke8 71. Kf3 Kf7 72. Ra7 Rc2 73. Rb7 Ra2 74. Rb3 Rc2 75. Rd3 Rc4 76. Rd1 Ra4 77. Rd2 Ra5 78. Ke4 Rb5 79. Rc2 f5+ 80. gxf5 exf5+ 81. Kf3 Ke6 82. Rc6+ Bd6 83. Ra6 g4+ 84. Kg2 Rb2 85. Kf1 Kd5 86. Ra8 Ke4 87. Rd8 Bc7 88. Rf8 Bb6 89. Ke1 1-0

[Event "December 19 Late 2023"]
[Site "https://www.chess.com"]
[Date "2023.12.19"]
[Round "3"]
[White "Semenenko, Dmytry"]
[Black "Pulpan, Jakub"]
[Result "0-1"]
[Board "99"]
[TimeControl "180+1"]
[WhiteFideId "14118645"]
[BlackFideId "302759"]
[WhiteElo "2113"]
[BlackElo "2501"]
[WhiteTeam "UKR"]
[BlackTeam "CZE"]
[WhiteClock "0:00:00"]
[BlackClock "0:00:16"]

1. Nf3 Nc6 2. d4 Nf6 3. d5 Nb8 4. c4 g6 5. Nc3 Bg7 6. e4 d6 7. Be2 O-O 8. O-O c6 9. Be3 a6 10. Qd2 b5 11. dxc6 bxc4 12. Nd5 Nxc6 13. Nxf6+ Bxf6 14. Bxc4 Rb8 15. Rab1 Bg4 16. Bh6 Bxf3 17. gxf3 Bg7 18. Bg5 Qb6 19. Be3 Qb7 20. Rfc1 Ne5 21. Be2 f5 22. Qd5+ Qxd5 23. exd5 f4 24. Bd2 Rfc8 25. b3 Kf7 26. Kg2 g5 27. a4 Rxc1 28. Bxc1 Ra8 29. Bd2 Nd7 30. b4 Nb6 31. a5 Nxd5 32. Bc4 e6 33. Bxd5 exd5 34. b5 axb5 35. Rxb5 Ke6 36. Rb7 Bf6 37. Rxh7 d4 38. Rb7 Bd8 39. Rb5 d5 40. Kh3 Kd6 41. Kg4 Kc6 42. Rb4 Bxa5 43. Ra4 Kb5 44. Rxd4 Kc5 45. Rd3 Bxd2 46. Rxd2 Rg8 47. Rc2+ Kb4 48. Rc7 d4 49. Rd7 Kc3 50. Rc7+ Kd2 51. h4 gxh4+ 52. Kxh4 Ke2 53. Rd7 Kxf2 54. Rxd4 Kxf3 55. Rd3+ Kg2 56. Rd2+ Kf3 57. Rd3+ Ke2 58. Rd7 f3 59. Re7+ Kf1 60. Kh3 f2 61. Rf7 Rh8+ 62. Kg3 Kg1 63. Rf3 Rg8+ 64. Kh3 f1=Q+ 0-1

[Event "December 19 Late 2023"]
[Site "https://www.chess.com"]
[Date "2023.12.19"]
[Round "3"]
[White "Su, Dion"]
[Black "Sabuk, Piotr"]
[Result "0-1"]
[Board "100"]
[TimeControl "180+1"]
[WhiteFideId "2029731"]
[BlackFideId "1137565"]
[WhiteElo "2374"]
[BlackElo "2276"]
[WhiteTeam "USA"]
[BlackTeam "POL"]
[WhiteClock "0:00:04"]
[BlackClock "0:00:32"]

1. e4 e5 2. Nf3 Nc6 3. Bb5 a6 4. Ba4 Nf6 5. O-O Be7 6. Re1 b5 7. Bb3 d6 8. c3 O-O 9. h3 Re8 10. d4 Bb7 11. Nbd2 Bf8 12. d5 Ne7 13. c4 g6 14. Qe2 Nh5 15. Nf1 b4 16. Bg5 Bg7 17. Rac1 c5 18. dxc6 Bxc6 19. Ng3 Nf4 20. Qd2 Ne6 21. Be3 Qb8 22. c5 Nxc5 23. Bxc5 dxc5 24. Rxc5 Qb6 25. Rec1 Rad8 26. Qe3 Bb5 27. Ng5 Rf8 28. Rc7 Qxe3 29. fxe3 Bf6 30. h4 h6 31. Nxf7 Rxf7 32. Rf1 Kg7 33. Bxf7 Bxf1 34. Bd5 Bb5 35. h5 Bh4 36. hxg6 Bxg3 37. Rxe7+ Kxg6 0-1

[Event "December 19 Late 2023"]
[Site "https://www.chess.com"]
[Date "2023.12.19"]
[Round "3"]
[White "Womacka, Mathias"]
[Black "Fernandez Diaz, Cristian"]
[Result "1/2-1/2"]
[Board "101"]
[TimeControl "180+1"]
[WhiteFideId "4611390"]
[BlackFideId "22256687"]
[WhiteElo "2376"]
[BlackElo "2170"]
[WhiteTeam "GER"]
[BlackTeam "ESP"]
[WhiteClock "0:00:40"]
[BlackClock "0:01:05"]

1. e4 c5 2. Nf3 Nc6 3. d4 cxd4 4. Nxd4 Nf6 5. Nc3 e5 6. Ndb5 d6 7. Bg5 a6 8. Na3 b5 9. Nd5 Be7 10. Nxe7 Qxe7 11. c4 b4 12. Nc2 h6 13. Bxf6 Qxf6 14. Nxb4 Nxb4 15. Qa4+ Bd7 16. Qxb4 O-O 17. Qd2 Qg6 18. f3 Be6 19. Bd3 a5 20. O-O Rfc8 21. b3 a4 22. Rfd1 Qf6 23. Bf1 Qd8 24. Kh1 Qb6 25. Rab1 Rab8 26. Qxd6 Qxd6 27. Rxd6 Bxc4 28. Bxc4 Rxc4 29. h4 Rc2 30. b4 Rxa2 31. b5 a3 32. Ra6 Rb2 33. Ra1 R8xb5 34. R6xa3 1/2-1/2

[Event "December 19 Late 2023"]
[Site "https://www.chess.com"]
[Date "2023.12.19"]
[Round "3"]
[White "Kostiukov, Alexandr"]
[Black "Asish Panda"]
[Result "0-1"]
[Board "102"]
[TimeControl "180+1"]
[WhiteFideId "14108100"]
[BlackFideId "45012458"]
[WhiteElo "2112"]
[BlackElo "1767"]
[WhiteTeam "UKR"]
[BlackTeam "IND"]
[WhiteClock "0:00:29"]
[BlackClock "0:00:03"]

1. g3 d5 2. Bg2 Nf6 3. d3 e6 4. e4 Be7 5. e5 Nfd7 6. Qe2 O-O 7. Nf3 c5 8. O-O Nc6 9. c4 dxc4 10. dxc4 Qc7 11. Bf4 h6 12. h4 b6 13. Nc3 a6 14. Nd5 exd5 15. cxd5 Ncxe5 16. d6 Bxd6 17. Nxe5 Nxe5 18. Bxe5 Rb8 19. Bc3 Bb7 20. Bxb7 Qxb7 21. Qg4 f5 22. Qc4+ Qf7 23. Qxa6 f4 24. Qd3 Bc7 25. g4 Kh8 26. Qf3 Rbd8 27. a4 Kg8 28. Rad1 Rde8 29. Rfe1 Re6 30. Kg2 Rg6 31. Kh3 Re6 32. Rxe6 Qxe6 33. Qd5 Qxd5 34. Rxd5 Rd8 35. Kg2 Rxd5 0-1

[Event "December 19 Late 2023"]
[Site "https://www.chess.com"]
[Date "2023.12.19"]
[Round "3"]
[White "Smith, Garrett L"]
[Black "Khater, Sherif"]
[Result "1-0"]
[Board "103"]
[TimeControl "180+1"]
[WhiteFideId "2024829"]
[BlackFideId "2034280"]
[WhiteElo "2367"]
[BlackElo "2551"]
[WhiteTeam "USA"]
[BlackTeam "USA"]
[WhiteClock "0:00:40"]
[BlackClock "0:00:37"]

1. e4 a6 2. d4 b5 3. Bd3 Bb7 4. a4 b4 5. c3 e6 6. Nf3 c5 7. O-O h6 8. Re1 a5 9. Nbd2 Nf6 10. e5 Nd5 11. Ne4 cxd4 12. Nxd4 Be7 13. Nb5 O-O 14. Nbd6 Ba6 15. c4 Nc7 16. Bxh6 gxh6 17. Re3 f5 18. Rg3+ Bg5 19. Qh5 fxe4 20. Qxh6 1-0

[Event "December 19 Late 2023"]
[Site "https://www.chess.com"]
[Date "2023.12.19"]
[Round "3"]
[White "Diaz, Fernando"]
[Black "Riff, Vincent"]
[Result "1/2-1/2"]
[Board "104"]
[TimeControl "180+1"]
[WhiteFideId "3701255"]
[BlackFideId "617776"]
[WhiteElo "2020"]
[BlackElo "2358"]
[WhiteTeam "PAR"]
[BlackTeam "FRA"]
[WhiteClock "0:00:06"]
[BlackClock "0:00:18"]

1. e4 c5 2. d4 cxd4 3. c3 d3 4. c4 Nc6 5. Bxd3 e5 6. Nf3 Nf6 7. Nc3 Bc5 8. Bg5 d6 9. Nd5 Bg4 10. h3 Bh5 11. O-O h6 12. Bxf6 gxf6 13. b4 Bd4 14. b5 Nb8 15. Rb1 Nd7 16. Be2 Bc5 17. Nh4 Bg6 18. Bg4 Nb6 19. Bf5 Rg8 20. Rc1 Bd4 21. Qg4 Nxd5 22. cxd5 Bh7 23. Qh5 Bxf5 24. Nxf5 Qd7 25. a4 Bc5 26. Qxh6 O-O-O 27. Qxf6 Kb8 28. Qe7 Qxe7 29. Nxe7 Rh8 30. Nf5 Rdg8 31. Rc3 b6 32. Rg3 Rxg3 33. Nxg3 Rh4 34. Kh2 Rf4 35. f3 Rh4 36. Nf5 Rh8 37. f4 exf4 38. Rxf4 Ba3 39. Rh4 Re8 40. g4 Bb2 41. g5 Bc1 42. Rg4 Bb2 43. Nxd6 Be5+ 44. Kg2 Bxd6 45. Kf3 Be5 46. h4 Kc7 47. h5 Kd6 48. g6 fxg6 49. Rxg6+ Kc5 50. Kg4 Kd4 51. Kf5 Rf8+ 52. Ke6 Kxe4 53. d6 Re8+ 54. Kd7 Rh8 55. h6 Bf4 56. Kc7 Rh7+ 57. Kc6 Rxh6 58. Rxh6 Bxh6 59. Kb7 Kd5 60. Kxa7 Kxd6 61. Kxb6 Be3+ 62. Kb7 Kc5 63. a5 Kxb5 64. a6 Bb6 65. a7 Bxa7 1/2-1/2

[Event "December 19 Late 2023"]
[Site "https://www.chess.com"]
[Date "2023.12.19"]
[Round "3"]
[White "Soderstrom, Adrian"]
[Black "Korol, Dimitry"]
[Result "0-1"]
[Board "105"]
[TimeControl "180+1"]
[WhiteFideId "1745786"]
[BlackFideId "14108003"]
[WhiteElo "2154"]
[BlackElo "2262"]
[WhiteTeam "SWE"]
[BlackTeam "UKR"]
[WhiteClock "0:00:21"]
[BlackClock "0:00:14"]

1. e4 c5 2. Nf3 d6 3. d4 cxd4 4. Nxd4 Nf6 5. Nc3 g6 6. Be3 Bg7 7. f3 O-O 8. Qd2 Nc6 9. O-O-O d5 10. exd5 Nxd5 11. Nxc6 bxc6 12. Bd4 e5 13. Bc5 Be6 14. Ne4 Rb8 15. Bc4 Qc7 16. Bb3 Rfd8 17. Kb1 h6 18. g4 a5 19. c4 Nf4 20. Bd6 Qa7 21. Qf2 Qxf2 22. Nxf2 Ra8 23. c5 a4 24. Bxe6 Nxe6 25. Rhe1 Nd4 26. Bxe5 Nxf3 27. Bxg7 Nxe1 28. Be5 Rxd1+ 29. Nxd1 Nd3 30. Bd6 a3 31. b3 Re8 32. Kc2 Nb4+ 33. Kd2 Nxa2 34. Ne3 Nb4 35. Nc2 a2 36. Nxb4 a1=Q 37. Nd3 Qd4 38. Bg3 Rd8 39. Bd6 Rxd6 40. cxd6 Qxd6 41. Kc3 Qxh2 42. b4 Qg3 43. Kc4 Qxg4+ 44. Kc5 Qf3 45. Nb2 Qd5+ 46. Kb6 Qb5+ 47. Kc7 Qxb4 48. Nd3 Qc4 49. Ne5 Qd5 50. Nxc6 Qxc6+ 51. Kxc6 h5 52. Kd5 Kg7 53. Ke4 f6 54. Kf3 g5 55. Kg3 Kg6 56. Kf3 f5 57. Kg3 f4+ 58. Kf3 Kf5 59. Kg2 g4 60. Kf2 h4 61. Kg2 h3+ 62. Kh2 Kg5 63. Kg1 g3 64. Kh1 f3 65. Kg1 Kf4 66. Kh1 Kg4 67. Kg1 g2 68. Kh2 Kf4 69. Kg1 Ke3 70. Kh2 Ke2 71. Kg3 g1=Q+ 72. Kf4 Qg8 73. Ke4 f2 74. Kd4 f1=Q 75. Kc5 Qf5+ 76. Kd6 Qgg6+ 77. Kc7 Qff7+ 78. Kd8 Qgg8# 0-1

[Event "December 19 Late 2023"]
[Site "https://www.chess.com"]
[Date "2023.12.19"]
[Round "3"]
[White "Gallegos Diaz, Carlos Alberto"]
[Black "Kopczynski, Michal"]
[Result "1-0"]
[Board "106"]
[TimeControl "180+1"]
[WhiteFideId "3900886"]
[BlackFideId "1124200"]
[WhiteElo "2362"]
[BlackElo "2174"]
[WhiteTeam "VEN"]
[BlackTeam "POL"]
[WhiteClock "0:00:07"]
[BlackClock "0:00:03"]

1. e4 b6 2. Nf3 Bb7 3. d3 e6 4. Nbd2 Nf6 5. Be2 d5 6. O-O c5 7. Re1 d4 8. e5 Nd5 9. Nc4 Be7 10. a4 O-O 11. Bf1 Nc6 12. g3 a6 13. Bg2 b5 14. axb5 axb5 15. Rxa8 Qxa8 16. Na3 Qa6 17. Bg5 h6 18. Bxe7 Ndxe7 19. Nd2 Nb4 20. Ne4 Qb6 21. c3 dxc3 22. bxc3 Nbc6 23. Qb3 Nxe5 24. c4 Qa5 25. Ra1 Qb4 26. Nxc5 Qxb3 27. Nxb3 Bxg2 28. Kxg2 b4 29. Nb5 Nxd3 30. Rd1 Ne5 31. c5 Nd5 32. Ra1 Rc8 33. N5d4 Nd3 34. c6 e5 35. Ra5 Nc3 36. Nf5 Kf8 37. Nc5 g6 38. Nxd3 gxf5 39. Nxb4 e4 40. Rxf5 Ke7 41. Rc5 Na4 42. Re5+ Kd6 43. Rxe4 Nc5 44. Rf4 Rb8 45. Rf6+ Ke5 46. c7 Rc8 47. Rxf7 Ne6 48. f4+ Kd6 49. Rf6 Rxc7 50. Rxh6 Rc4 51. Nd3 Rc2+ 52. Kh3 Ke7 53. Ne5 Rc3 54. Rh7+ Kf6 55. Rf7# 1-0

[Event "December 19 Late 2023"]
[Site "https://www.chess.com"]
[Date "2023.12.19"]
[Round "3"]
[White "Lin, Bryan Enming"]
[Black "Biernacki, Mark"]
[Result "1-0"]
[Board "107"]
[TimeControl "180+1"]
[WhiteFideId "30987121"]
[BlackFideId "2082322"]
[WhiteElo "2542"]
[BlackElo "1965"]
[WhiteTeam "USA"]
[BlackTeam "USA"]
[WhiteClock "0:01:53"]
[BlackClock "0:00:00"]

1. e4 c6 2. Nf3 d5 3. exd5 cxd5 4. Ne5 Nc6 5. d4 e6 6. Nf3 Nf6 7. Bd3 Bd6 8. c3 O-O 9. O-O e5 10. dxe5 Nxe5 11. Nxe5 Bxe5 12. Nd2 Re8 13. h3 a6 14. Nf3 Bc7 15. Bg5 Qd6 16. Re1 Bd7 17. Qc2 Bc6 18. Bh4 Ne4 19. Rad1 Qh6 20. c4 Ba5 21. cxd5 Bxe1 22. dxc6 Bxf2+ 23. Bxf2 Nxf2 24. cxb7 Nxd1 25. bxa8=Q Rxa8 26. Qxd1 Qe3+ 27. Kh1 g6 28. Bc4 Qc5 29. b3 Re8 30. Qd5 Qxd5 31. Bxd5 Rd8 32. Bc4 a5 33. a4 Rd1+ 34. Kh2 Kg7 35. Ne5 f6 36. Nc6 f5 37. Nxa5 g5 38. Nc6 h6 39. a5 f4 40. a6 Ra1 41. b4 h5 42. Be2 Kg6 43. b5 Kf5 44. Bxh5 1-0

[Event "December 19 Late 2023"]
[Site "https://www.chess.com"]
[Date "2023.12.19"]
[Round "3"]
[White "Tao, Sihan"]
[Black "Slavin, Alexey"]
[Result "1-0"]
[Board "108"]
[TimeControl "180+1"]
[WhiteFideId "30982677"]
[BlackFideId "24104388"]
[WhiteElo "1943"]
[BlackElo "2264"]
[WhiteTeam "USA"]
[BlackTeam "RUS"]
[WhiteClock "0:00:37"]
[BlackClock "0:00:01"]

1. d4 Nc6 2. Nf3 d6 3. e4 Nf6 4. Nc3 Bg4 5. Be3 a6 6. h3 Bh5 7. Be2 e5 8. dxe5 dxe5 9. Qxd8+ Rxd8 10. Rd1 Bb4 11. Rxd8+ Kxd8 12. Nd2 Bxc3 13. bxc3 Bxe2 14. Kxe2 Ke7 15. Rb1 b6 16. f3 Rd8 17. Nc4 Nd7 18. Rd1 f6 19. g4 Nf8 20. Rxd8 Kxd8 21. h4 Ne6 22. h5 b5 23. Nb2 Na5 24. Kd3 Kd7 25. Ke2 c5 26. Nd3 Kc6 27. Nb2 c4 28. Nd1 Nb7 29. Nf2 Nbc5 30. Nh3 g6 31. hxg6 hxg6 32. g5 fxg5 33. Nxg5 Nxg5 34. Bxg5 Na4 35. Kd2 Kd6 36. Be3 Ke6 37. Ba7 Kf6 38. Bb8 Nc5 39. Bd6 Ne6 40. Ke3 Nf4 41. Bf8 Ke6 42. Bh6 Nh5 43. Bg5 Ng7 44. Bd8 Ne8 45. Bh4 Nd6 46. Be1 Kf6 47. Bh4+ g5 48. Bg3 Nf7 49. Bh2 Kg6 50. Kf2 Kh5 51. Kg3 Kg6 52. Kg4 Nh6+ 53. Kh3 Kf6 54. Bg3 Nf7 55. Kg4 Nd6 56. Kh5 Nb7 57. Bf2 Nd8 58. Be3 Ne6 59. Kh6 a5 60. a3 a4 61. Bd2 Nf4 62. Bxf4 gxf4 63. Kh5 Kf7 64. Kg5 Ke6 65. Kg6 Ke7 66. Kf5 Kd6 67. Kf6 b4 68. cxb4 c3 69. Kf5 Kc6 70. Kxe5 Kb5 71. Kxf4 Kc4 72. Ke3 1-0

[Event "December 19 Late 2023"]
[Site "https://www.chess.com"]
[Date "2023.12.19"]
[Round "3"]
[White "Gruzman, Ilya"]
[Black "Wartiovaara, Oliver"]
[Result "0-1"]
[Board "109"]
[TimeControl "180+1"]
[WhiteFideId "2812703"]
[BlackFideId "513024"]
[WhiteElo "1986"]
[BlackElo "2214"]
[WhiteTeam "ISR"]
[BlackTeam "FIN"]
[WhiteClock "0:00:00"]
[BlackClock "0:01:04"]

1. d4 a6 2. e4 Nc6 3. Nf3 d6 4. d5 Na7 5. Bd3 Nf6 6. O-O e5 7. dxe6 fxe6 8. e5 dxe5 9. Bg5 Bd6 10. Qe2 Nc6 11. c3 O-O 12. Nbd2 h6 13. Bh4 Qe8 14. Nc4 Qh5 15. Rad1 e4 16. Bxe4 Nxe4 17. Qxe4 Rf4 18. Qe2 Rxh4 19. Nxd6 cxd6 20. Rxd6 e5 21. Qd1 Rf4 22. Re1 Bg4 23. Qb3+ Qf7 24. Qxf7+ Kxf7 25. Nxe5+ Nxe5 26. Rxe5 Re8 27. Rxe8 Kxe8 28. f3 Bd7 29. Kf2 Rf5 30. g4 Ra5 0-1

[Event "December 19 Late 2023"]
[Site "https://www.chess.com"]
[Date "2023.12.19"]
[Round "3"]
[White "Silva, Kaua Marques"]
[Black "Kornyukov, Alexey"]
[Result "1-0"]
[Board "110"]
[TimeControl "180+1"]
[WhiteFideId "22701168"]
[BlackFideId "4150457"]
[WhiteElo "2199"]
[BlackElo "2352"]
[WhiteTeam "BRA"]
[BlackTeam "RUS"]
[WhiteClock "0:00:28"]
[BlackClock "0:00:01"]

1. d4 Nf6 2. Nf3 d5 3. Bf4 c5 4. e3 Nc6 5. c3 Qb6 6. Qb3 c4 7. Qc2 Bf5 8. Qc1 h6 9. Be2 Nh5 10. O-O Nxf4 11. exf4 e6 12. Re1 Be7 13. Ne5 O-O 14. Nd2 Qc7 15. Bd1 f6 16. Nef3 Qxf4 17. Bc2 Bd6 18. Bxf5 Qxf5 19. Nf1 Bf4 20. Qd1 Rad8 21. b3 cxb3 22. axb3 a6 23. b4 Rfe8 24. N1d2 e5 25. Nb3 e4 26. Nh4 Qg5 27. g3 Bd6 28. Nc5 Re7 29. Qb3 Bxc5 30. bxc5 Kh7 31. f4 exf3 32. Rxe7 Nxe7 33. Re1 Ng6 34. Nxf3 Qf5 35. Kg2 Rd7 36. Re3 h5 37. Qd1 Qg4 38. Qe1 h4 39. Kf2 h3 40. Re8 Qf5 41. Qe2 a5 42. Kg1 a4 43. Nd2 a3 44. Nf1 a2 45. Qxa2 Qd3 46. Qe2 Qxc3 47. Qh5# 1-0

[Event "December 19 Late 2023"]
[Site "https://www.chess.com"]
[Date "2023.12.19"]
[Round "3"]
[White "Obon Temprano, Sergi"]
[Black "Hnydiuk, Aleksander"]
[Result "1-0"]
[Board "111"]
[TimeControl "180+1"]
[WhiteFideId "2226545"]
[BlackFideId "1109057"]
[WhiteElo "2135"]
[BlackElo "2374"]
[WhiteTeam "ESP"]
[BlackTeam "POL"]
[WhiteClock "0:00:32"]
[BlackClock "0:00:00"]

1. d4 Nf6 2. Nf3 g6 3. c3 Bg7 4. Bg5 O-O 5. Nbd2 d6 6. e4 c5 7. Bc4 cxd4 8. cxd4 Nc6 9. O-O h6 10. Bf4 g5 11. Bg3 g4 12. e5 Nh5 13. d5 Nxg3 14. hxg3 gxf3 15. dxc6 fxg2 16. Kxg2 dxe5 17. Nf3 bxc6 18. Re1 Bb7 19. Qxd8 Raxd8 20. Nxe5 c5+ 21. Kh3 Rd2 22. Nxf7 e6 23. Bxe6 Rxf7 24. Bxf7+ Kxf7 25. Rad1 Rxd1 26. Rxd1 Ke6 27. b3 Bf3 28. Rd8 Bd4 29. Rg8 1-0

[Event "December 19 Late 2023"]
[Site "https://www.chess.com"]
[Date "2023.12.19"]
[Round "3"]
[White "Merriman, John"]
[Black "Hirneise, Jens"]
[Result "0-1"]
[Board "112"]
[TimeControl "180+1"]
[WhiteFideId "402362"]
[BlackFideId "24614734"]
[WhiteElo "2207"]
[BlackElo "2311"]
[WhiteTeam "ENG"]
[BlackTeam "GER"]
[WhiteClock "0:00:02"]
[BlackClock "0:00:32"]

1. d4 d6 2. c4 e5 3. d5 f5 4. e4 Nf6 5. Nc3 Be7 6. Nge2 f4 7. f3 g5 8. g3 h5 9. h4 g4 10. Bg2 gxf3 11. Bxf3 Bg4 12. Qd3 Na6 13. Bxg4 Nxg4 14. Bxf4 exf4 15. Nxf4 Nc5 16. Qe2 Bf6 17. Nxh5 Ne5 18. O-O-O Qe7 19. Rhf1 Bg7 20. Rf5 O-O-O 21. b4 Ncd7 22. Rdf1 Bh6+ 23. Kb1 Nb6 24. Nb5 Kb8 25. Na3 Qd7 26. Nf6 Qa4 27. Qb2 Nexc4 28. Nxc4 Nxc4 29. Qc3 Nd2+ 30. Ka1 Nxf1 31. Rxf1 Bg7 32. g4 Qb5 33. g5 Qxf1+ 0-1